 Dungeon Crawl Stone Soup version 0.29.0-4-gdea44cf6ec (webtiles) character file.

Game seed: 12122693905853304423

3257 qw the Cleaver (level 9, -15/79 HPs)
             Began as a Minotaur Fighter on Sept 6, 2022.
             Was a Follower of Ru.
             Killed from afar by an acid dragon (22 damage)
             ... with a splash of acid
             ... on level 8 of the Dungeon.
             The game lasted 00:02:56 (8609 turns).

qw the Cleaver (Minotaur Fighter)                   Turns: 8609, Time: 00:02:56

Health: -15/79     AC: 12    Str: 28      XL:     9   Next: 67%
Magic:  8/8        EV:  8    Int:  2 (5)  God:    Ru [*.....]
Gold:   38         SH:  4    Dex: 10      Spells: 8/8 levels left

rFire   + . .      SeeInvis .   r - +0 broad axe
rCold   + . .      Faith    .   c - +0 buckler
rNeg    . . .      Spirit   .   h - +1 plate armour
rPois   .          Reflect  .   (helmet restricted)
rElec   .          Harm     .   b - +0 cloak
rCorr   .          Rampage  .   m - +0 pair of gloves {Str+3}
Will    .....                   (no boots)
Stlth   ..........              (no amulet)
HPRegen 0.23/turn               q - ring of protection from fire
MPRegen 0.11/turn               o - ring of protection from cold

@: lethally poisoned (-15 -> -21), about to teleport, corroded
A: horns 2, missing an eye, retaliatory headbutt, deterioration 1
a: Renounce Religion


You were on level 8 of the Dungeon.
You worshipped Ru.
Ru was aware of your devotion.
You visited 1 branch of the dungeon, and saw 8 of its levels.

You collected 393 gold pieces.
You spent 355 gold pieces at shops.


Innate Abilities, Weirdness & Mutations

You have a pair of horns on your head.
You are missing an eye, making it more difficult to aim.
You reflexively headbutt those who attack you in melee.
Your body sometimes deteriorates upon taking damage.


   Skills:
 - Level 7.1 Fighting
 - Level 13.2 Axes
 + Level 2.8 Throwing
 - Level 6.1 Armour
 - Level 3.0 Dodging
 - Level 4.5 Shields


You had 8 spell levels left.
You didn't know any spells.
Your spell library was empty.

Inventory:

Hand Weapons
 e - the +10 whip "Goblinbane" {holy, Int+4}
   (You found it on level 2 of the Dungeon)

   It has been blessed by the Shining One to cause great damage to the undead
   and demons.
   Int:       It affects your intelligence (+4).
 r - a +0 broad axe (weapon)
Missiles
 l - 4 boomerangs
 s - 2 javelins (quivered)
Armour
 b - a +0 cloak (worn)
 c - a +0 buckler (worn)
 h - a +1 plate armour (worn)
 m - a +0 pair of gloves of strength (worn)
Jewellery
 o - a ring of protection from cold (right hand)
 q - a ring of protection from fire (left hand)
 Y - a +6 ring of dexterity
Scrolls
 a - a scroll of identify
 g - 2 scrolls of teleportation
Potions
 d - 5 potions of might
 f - a potion of cancellation
 i - a potion of resistance
 j - a potion of curing
 k - 3 potions of mutation
 n - a potion of heal wounds
 p - 2 potions of haste

Dungeon Overview and Level Annotations

Branches:
Dungeon (8/15)             Temple (0/1) D:6
   Lair: D:8-11

Altars:
Cheibriados
Hepliaklqana
Kikubaaqudgha
Makhleb
Nemelex Xobeh
Ru
Uskayaw
Xom
Yredelemnul
Zin

Shops:
D:5 (   D:8 !

Annotations:
D:4 3 runed translucent doors, qw's ghost, novice MiBe
D:8 Erica


Message History

There is a stone staircase leading up here.
There are monsters nearby!
Erica zaps a wand.
The bolt of acid hits you!! The acid corrodes you!
You miss Erica. You headbutt Erica!
Erica is lightly wounded.
Erica hits you but does no damage.
You barely miss Erica. Your headbutt misses Erica.
Erica is lightly wounded.
Erica gestures at you while chanting. The bolt of poison hits you!!
You are poisoned.
You hit Erica.
Erica is moderately wounded.
You feel very sick.
Erica zaps a wand.
The bolt of acid hits you but does no damage.
You slash Erica! Your headbutt misses Erica.
Erica is moderately wounded.
You miss the acid dragon.
You feel very sick.
You slash Erica!
Erica is heavily wounded.
You slash the acid dragon!
You feel very sick.
Erica gestures wildly while chanting.
Erica flickers and vanishes!
Deactivating autopickup; reactivate with Ctrl-A.
The acid dragon bites you.
The acid dragon claws you but does no damage.
Something hits you!
Your body deteriorates!
You feel dopey. Something burns you.
The acid dragon is stunned by your conviction and fails to attack.
8609 ||| READING 3 scrolls of teleportation.
As you read the scroll of teleportation, it crumbles to dust.
You feel strangely unstable.
You feel sick. Something hits you. Something burns you.
The acid dragon spits acid at you. The splash of acid hits you!!
You die...

#.....#...#..#....#..#.....#....
#.....'D..#..#....'..'.....+....
#.....#..D#..#....##+#.....#####
#.....##.#...#.............#..##
###....#####.#####.........#..#.
#....# #......#.........#..#.
#....# #...D..#....<....#..'.
+....# #...{..#.........##.##
#....# #..#D@<#..........#.##
###### ####...#..........#..#
#....#..........#..#
#....#(.........#..#
#...............#...
#..............)##..
######.########...... #......#
#...... #......# #......


You could see a steam dragon and an acid dragon (catching breath).

Vanquished Creatures
  Prince Ribbit (D:5)
  Sigmund (D:6)
  2 steam dragons (D:8)
  Menkaure (D:4)
  A water moccasin (D:6)
  2 ice beasts
  2 orc warriors (D:7)
  4 ogres
  A black bear (D:6)
  2 centaurs
  A kobold brigand (D:8)
  A phantom (D:7)
  2 gnoll sergeants
  2 scorpions (D:6)
  4 wights
  2 jellies
  4 orc priests
  A gnoll bouda (D:6)
  3 hounds
  3 iguanas
  Natasha (thrice) (D:2)
  5 orc wizards
  7 gnolls
  10 adders
  2 shadow imps
  A white imp (D:6)
  2 ufetubi (D:5)
  3 worms
  3 dart slugs
  15 orcs
  2 bats
  7 endoplasms
  4 giant cockroaches
  7 hobgoblins
  10 jackals
  4 quokkas
  9 ball pythons
  4 frilled lizards (D:1)
  8 goblins
  11 kobolds
  A rat (D:2)
158 creatures vanquished.

Vanquished Creatures (others)
  An orc (D:7)
1 creature vanquished.

Grand Total: 159 creatures vanquished

Notes
Turn   | Place    | Note
-------+----------+-------------------------------------------
     0 | D:1      | qw the Minotaur Fighter began the quest for the Orb.
     0 | D:1      | Reached XP level 1. HP: 19/19 MP: 0/0
     0 | D:1      | 0 ||| qw: Version: 0.1-a-107-g9ff403c
     0 | D:1      | 0 ||| qw: Game counter: 6089
     0 | D:1      | 0 ||| qw: Always use a shield: true
     0 | D:1      | 0 ||| qw: God list: Ru
     0 | D:1      | 0 ||| qw: Allow faded altars: false
     0 | D:1      | 0 ||| qw: Do Orc after D:15 true
     0 | D:1      | 0 ||| qw: Do second Lair branch before Depths: true
     0 | D:1      | 0 ||| qw: Lair rune preference: random
     0 | D:1      | 0 ||| qw: Plans: Normal
     0 | D:1      | 0 ||| PLANNING D:1-11
   328 | D:1      | Reached skill level 3 in Axes
   466 | D:1      | Reached XP level 2. HP: 26/26 MP: 1/1
   668 | D:1      | Found a faded altar of an unknown god.
   753 | D:1      | 753 ||| UPGRADING to +0 plate armour.
   763 | D:1      | 763 ||| DROPPING +0 scale mail.
   764 | D:1      | 764 ||| READING 3 scrolls labelled BEC RIDUOBBI.
   765 | D:1      | 765 ||| READING 2 scrolls labelled MAORAT UTOU.
   769 | D:1      | 769 ||| READING scroll labelled VIXACK TOAKH.
   770 | D:1      | 770 ||| READING 2 scrolls of identify.
   770 | D:1      | 770 ||| IDENTIFYING fuming pink potion
   771 | D:1      | 771 ||| DROPPING potion of invisibility.
   804 | D:2      | Reached skill level 4 in Axes
   839 | D:2      | 839 ||| Stepping ~*~*~tactically~*~*~ (stealth).
   849 | D:2      | 849 ||| DROPPING +0 club.
   853 | D:2      | Identified the +10 whip "Goblinbane" {holy, Int+4}
   855 | D:2      | 855 ||| DROPPING +0 whip.
   873 | D:2      | 873 ||| Stepping ~*~*~tactically~*~*~ (stealth).
   873 | D:2      | Noticed Natasha
   874 | D:2      | 874 ||| Stepping ~*~*~tactically~*~*~ (stealth).
   886 | D:2      | Reached XP level 3. HP: 29/31 MP: 2/2
   889 | D:2      | Killed Natasha
   890 | D:2      | Reached skill level 5 in Axes
   901 | D:2      | 901 ||| Stepping ~*~*~tactically~*~*~ (stealth).
  1072 | D:2      | Noticed Natasha
  1078 | D:2      | Reached XP level 4. HP: 39/39 MP: 3/3
  1078 | D:2      | Killed Natasha
  1164 | D:2      | Reached skill level 6 in Axes
  1254 | D:2      | 1254 ||| READING 2 scrolls labelled DOIRESTRUQO.
  1255 | D:2      | 1255 ||| READING scroll of enchant weapon.
  1255 | D:2      | 1255 ||| ENCHANTING +1 war axe.
  1256 | D:2      | 1256 ||| READING scroll labelled XAIM WUINGYTEITOMM.
  1357 | D:2      | 1357 ||| DRINKING 2 amethyst potions.
  1357 | D:2      | Gained mutation: Your body sometimes deteriorates upon
                  | taking damage. [potion of mutation]
  1369 | D:2      | Noticed Natasha
  1384 | D:2      | Killed Natasha
  1385 | D:2      | Reached skill level 1 in Dodging
  1385 | D:2      | Reached XP level 5. HP: 32/45 MP: 4/4
  1670 | D:3      | 1670 ||| READING scroll of enchant weapon.
  1670 | D:3      | 1670 ||| ENCHANTING +2 war axe.
  1956 | D:3      | 1956 ||| Stepping ~*~*~tactically~*~*~ (hiding).
  2098 | D:3      | Reached skill level 1 in Throwing
  2104 | D:3      | 2104 ||| Stepping ~*~*~tactically~*~*~ (hiding).
  2320 | D:3      | Found a sparkling altar of Nemelex Xobeh.
  2320 | D:3      | Found a basalt altar of Yredelemnul.
  2320 | D:3      | Found an ancient bone altar of Kikubaaqudgha.
  2320 | D:3      | Found a glowing silver altar of Zin.
  2328 | D:3      | Found a snail-covered altar of Cheibriados.
  2328 | D:3      | Found a hide-covered altar of Uskayaw.
  2432 | D:3      | 2432 ||| READING scroll labelled JOCZEDOILA.
  2459 | D:4      | 2459 ||| Stepping ~*~*~tactically~*~*~ (hiding).
  2496 | D:4      | Identified the -1 helmet of Jonireum {Int+2}
  2515 | D:4      | 2515 ||| Stepping ~*~*~tactically~*~*~ (hiding).
  2523 | D:4      | Reached skill level 7 in Axes
  2523 | D:4      | Reached XP level 6. HP: 17/51 MP: 5/5
  2526 | D:4      | HP: 12/52 [something/magic dart (2)]
  2763 | D:4      | Found a runed translucent gate.
  2763 | D:4      | Found a runed translucent gate.
  2768 | D:4      | Noticed qw's ghost (novice MiBe)
  2837 | D:4      | 2837 ||| Stepping ~*~*~tactically~*~*~ (stealth).
  2838 | D:4      | 2838 ||| FLEEEEING.
  2839 | D:4      | 2839 ||| FLEEEEING.
  2840 | D:4      | 2840 ||| FLEEEEING.
  2841 | D:4      | 2841 ||| FLEEEEING.
  2842 | D:4      | 2842 ||| FLEEEEING.
  2843 | D:4      | 2843 ||| FLEEEEING.
  2844 | D:4      | 2844 ||| FLEEEEING.
  2845 | D:4      | 2845 ||| FLEEEEING.
  2846 | D:4      | 2846 ||| FLEEEEING.
  2847 | D:4      | 2847 ||| FLEEEEING.
  2848 | D:4      | 2848 ||| FLEEEEING.
  2849 | D:4      | 2849 ||| STAIRDANCE
  2917 | D:4      | HP: 3/52 [ogre/+0 giant club (25)]
  2918 | D:4      | 2918 ||| READING 3 scrolls of teleportation.
  2919 | D:4      | 2919 ||| DRINKING potion of heal wounds.
  2922 | D:4      | Reached skill level 8 in Axes
  3229 | D:4      | 3229 ||| READING scroll of enchant armour.
  3229 | D:4      | 3229 ||| ENCHANTING +0 plate armour.
  3274 | D:4      | Found a shimmering altar of Xom.
  3407 | D:4      | Found a runed translucent gate.
  3422 | D:4      | Noticed Menkaure
  3423 | D:4      | 3423 ||| FLEEEEING.
  3429 | D:4      | 3429 ||| FLEEEEING.
  3430 | D:4      | 3430 ||| FLEEEEING.
  3431 | D:4      | 3431 ||| FLEEEEING.
  3445 | D:4      | 3445 ||| FLEEEEING.
  3446 | D:4      | 3446 ||| FLEEEEING.
  3454 | D:4      | 3454 ||| STAIRDANCE
  3569 | D:3      | 3569 ||| UPGRADING to +0 pair of gloves of strength.
  3574 | D:3      | 3574 ||| READING 2 scrolls of identify.
  3574 | D:3      | 3574 ||| IDENTIFYING fuming clear potion
  3578 | D:4      | 3578 ||| FLEEEEING.
  3579 | D:4      | 3579 ||| STAIRDANCE
  3658 | D:4      | 3658 ||| STAIRDANCE
  3809 | D:4      | Killed Menkaure
  3810 | D:4      | Reached XP level 7. HP: 56/59 MP: 6/6
  3937 | D:5      | Entered Level 5 of the Dungeon
  3975 | D:5      | 3975 ||| Stepping ~*~*~tactically~*~*~ (stealth).
  4021 | D:5      | Identified the +11 war axe "Xoemnaes" {distort, MP+9}
  4023 | D:5      | 4023 ||| DROPPING +11 war axe "Xoemnaes" {distort, MP+9}.
  4033 | D:5      | Reached skill level 9 in Axes
  4036 | D:5      | Found a hazy altar of Hepliaklqana.
  4042 | D:5      | Noticed Prince Ribbit
  4060 | D:5      | Killed Prince Ribbit
  4374 | D:5      | Found Pimoe's Antique Weapon Shop.
  4381 | D:5      | 4381 ||| BUYING broad axe (80 gold).
  4381 | D:5      | Bought a broad axe for 80 gold pieces
  4381 | D:5      | 4381 ||| SWAPPING to +0 broad axe.
  4382 | D:5      | 4382 ||| DROPPING +3 war axe.
  4596 | D:5      | Found a burning altar of Makhleb.
  4597 | D:5      | Found a sacrificial altar of Ru.
  4602 | D:5      | Became a worshipper of Ru the Awakened
  4640 | D:5      | 4640 ||| Stepping ~*~*~tactically~*~*~ (hiding).
  4641 | D:5      | 4641 ||| Stepping ~*~*~tactically~*~*~ (hiding).
  4830 | D:5      | 4830 ||| Stepping ~*~*~tactically~*~*~ (stealth).
  4833 | D:5      | 4833 ||| Stepping ~*~*~tactically~*~*~ (stealth).
  4878 | D:5      | 4878 ||| READING scroll labelled ICAITHREZXEIDD.
  4879 | D:5      | 4879 ||| READING scroll labelled EMITRO QOAMIYS.
  4880 | D:5      | 4880 ||| READING scroll labelled KOSINAISEO.
  4881 | D:5      | 4881 ||| READING scroll labelled OHURUKKEYPA.
  4882 | D:5      | 4882 ||| READING scroll labelled JUIDISH TYSIMP.
  4979 | D:6      | 4979 ||| FLEEEEING.
  4980 | D:6      | 4980 ||| FLEEEEING.
  4981 | D:6      | 4981 ||| FLEEEEING.
  4982 | D:6      | 4982 ||| FLEEEEING.
  4983 | D:6      | 4983 ||| STAIRDANCE
  5134 | D:6      | Reached XP level 8. HP: 43/70 MP: 7/7
  5268 | D:6      | Noticed Sigmund
  5276 | D:6      | Killed Sigmund
  5277 | D:6      | Reached skill level 10 in Axes
  5434 | D:6      | Reached skill level 6 in Fighting
  5483 | D:6      | Found a staircase to the Ecumenical Temple.
  5694 | D:6      | 5694 ||| Stepping ~*~*~tactically~*~*~ (hiding).
  5705 | D:6      | Reached skill level 11 in Axes
  6037 | D:6      | Reached XP level 9. HP: 34/75 MP: 8/8
  6283 | D:6      | 6283 ||| READING scroll labelled OGRAQO PAFEI.
  6284 | D:6      | 6284 ||| READING scroll labelled WARUFA OCIRU.
  6285 | D:6      | 6285 ||| DRINKING 3 viscous silvery potions.
  6389 | D:6      | 6389 ||| DROPPING 2 potions of berserk rage.
  6423 | D:7      | 6423 ||| Stepping ~*~*~tactically~*~*~ (stealth).
  6440 | D:7      | Reached skill level 12 in Axes
  6443 | D:7      | 6443 ||| Stepping ~*~*~tactically~*~*~ (stealth).
  6608 | D:7      | 6608 ||| Stepping ~*~*~tactically~*~*~ (stealth).
  6610 | D:7      | 6610 ||| Stepping ~*~*~tactically~*~*~ (hiding).
  6794 | D:7      | 6794 ||| INVOKING Sacrifice an Eye.
  6794 | D:7      | Gained mutation: You are missing an eye, making it more
                  | difficult to aim. [Ru sacrifice]
  6794 | D:7      | Reached * piety under Ru
  6818 | D:7      | 6818 ||| Stepping ~*~*~tactically~*~*~ (stealth).
  7305 | D:7      | 7305 ||| UPGRADING to +0 cloak.
  7310 | D:7      | 7310 ||| UPGRADING to ring of protection from fire.
  7311 | D:7      | 7311 ||| UPGRADING to +6 ring of dexterity.
  7312 | D:7      | 7312 ||| DRINKING 3 ruby potions.
  7339 | D:7      | 7339 ||| DRINKING 3 puce potions.
  7340 | D:7      | 7340 ||| READING 2 scrolls of identify.
  7340 | D:7      | 7340 ||| IDENTIFYING emerald potion
  7341 | D:7      | 7341 ||| DROPPING 2 potions of lignification.
  7342 | D:7      | 7342 ||| DROPPING 2 potions of flight.
  7378 | D:8      | Reached skill level 3 in Dodging
  7475 | D:8      | Reached skill level 6 in Armour
  7518 | D:8      | Found Habbut's Distillery.
  7527 | D:8      | 7527 ||| BUYING 2 potions of haste (220 gold).
  7527 | D:8      | Bought 2 potions of haste for 220 gold pieces
  7527 | D:8      | 7527 ||| BUYING potion of heal wounds (55 gold).
  7527 | D:8      | Bought a potion of heal wounds for 55 gold pieces
  7527 | D:8      | 7527 ||| SHOPLISTING potion of might (44 gold, have 7).
  7891 | D:8      | Reached skill level 13 in Axes
  7945 | D:8      | Noticed Erica
  7946 | D:8      | 7946 ||| Stepping ~*~*~tactically~*~*~ (hiding).
  7948 | D:8      | 7948 ||| Stepping ~*~*~tactically~*~*~ (hiding).
  7953 | D:8      | HP: 19/79 [Erica/+2 scimitar of flaming (1)]
  7954 | D:8      | 7954 ||| READING 4 scrolls of teleportation.
  7954 | D:8      | HP: 5/79 [Erica/+2 scimitar of flaming (13)]
  7954 | D:8      | HP: 2/79 [Erica/+2 scimitar of flaming (3)]
  7955 | D:8      | 7955 ||| DRINKING 2 potions of heal wounds.
  8226 | D:8      | 8226 ||| Stepping ~*~*~tactically~*~*~ (stealth).
  8228 | D:8      | 8228 ||| Stepping ~*~*~tactically~*~*~ (stealth).
  8230 | D:8      | 8230 ||| Stepping ~*~*~tactically~*~*~ (stealth).
  8232 | D:8      | 8232 ||| Stepping ~*~*~tactically~*~*~ (stealth).
  8233 | D:8      | 8233 ||| Stepping ~*~*~tactically~*~*~ (stealth).
  8248 | D:8      | 8248 ||| FLEEEEING.
  8249 | D:8      | 8249 ||| FLEEEEING.
  8250 | D:8      | 8250 ||| FLEEEEING.
  8252 | D:8      | 8252 ||| FLEEEEING.
  8253 | D:8      | 8253 ||| FLEEEEING.
  8254 | D:8      | 8254 ||| FLEEEEING.
  8255 | D:8      | 8255 ||| FLEEEEING.
  8256 | D:8      | 8256 ||| FLEEEEING.
  8257 | D:8      | 8257 ||| FLEEEEING.
  8260 | D:8      | 8260 ||| FLEEEEING.
  8262 | D:8      | 8262 ||| FLEEEEING.
  8263 | D:8      | 8263 ||| FLEEEEING.
  8264 | D:8      | 8264 ||| FLEEEEING.
  8265 | D:8      | 8265 ||| FLEEEEING.
  8266 | D:8      | 8266 ||| FLEEEEING.
  8267 | D:8      | 8267 ||| FLEEEEING.
  8268 | D:8      | 8268 ||| FLEEEEING.
  8270 | D:8      | 8270 ||| STAIRDANCE
  8271 | D:7      | HP: 17/79 [poisoned by Erica (bolt of poison)]
  8276 | D:7      | HP: 9/79 [poisoned by Erica (bolt of poison)]
  8598 | D:7      | 8598 ||| UPGRADING to ring of protection from cold.
  8600 | D:7      | 8600 ||| DRINKING 2 purple potions.
  8608 | D:8      | HP: 16/79 [something (8)]
  8609 | D:8      | 8609 ||| READING 3 scrolls of teleportation.
  8609 | D:8      | HP: 7/79 [something (1)]
  8609 | D:8      | Killed from afar by an acid dragon

Levels and vault maps discovered:
D:1:      wander_arrival_peaceful_grave, layout_basic,
          ebering_ecumenical_altar_webs, minmay_misc_feat_x
D:2:      layout_rooms, uniq_natasha
D:3:      layout_basic, minmay_overflow_temple_hex
D:4:      layout_gridville, mainiacjoe_overflow_alcove_4, gammafunk_ghost_split,
          uniq_menkaure
D:5:      layout_cave_pools, mainiacjoe_overflow_tiny_flanked,
          gammafunk_temple_overflow_statue, serial_shops, shop,
          lemuel_old_faithful, uniq_prince_ribbit1
D:6:      layout_basic, minmay_temple_entry_poolview, minmay_pentangle,
          uniq_sigmund
D:7:      layout_rooms
D:8:      layout_gridville, serial_shops, shop_fountains, uniq_erica

Skill      XL: |  1  2  3  4  5  6  7  8  9 |
---------------+----------------------------+-----
Axes           | 3 4 5 6 7 8 9 11 13 | 13.2
Dodging        | 1 2 3 |  3.0
Throwing       | 1 2 |  2.8
Fighting       | 4 5 6 7 |  7.1
Armour         | 4 5 6 |  6.1
Shields        | 4 |  4.5

Action                   |  1- 3 |  4- 6 |  7- 9 || total
-------------------------+-------+-------+-------++-------
Melee: War axe           |    65 |    71 |    27 ||   163
       Headbutt          |     8 |     7 |    29 ||    44
       Unarmed           |       |    12 |       ||    12
       Broad axe         |       |       |   208 ||   208
Throw: Javelin           |       |    28 |    39 ||    67
       Boomerang         |       |     3 |     5 ||     8
Invok: Sacrifice an Eye  |       |       |     1 ||     1
  Use: Scroll            |     4 |     8 |    10 ||    22
       Potion            |       |     2 |     5 ||     7
Armor: Scale mail        |    10 |       |       ||    10
       Plate armour      |    18 |    42 |   110 ||   170
Dodge: Dodged            |    21 |    21 |    84 ||   126
Block: Buckler           |    16 |    11 |    48 ||    75

Table legend:
 A = Non-vault XP
 B = Vault XP
 C = Vault XP percentage of total XP
 D = Non-vault monster count
 E = Vault monster count
 F = Vault count percentage of total count
                 A         B        C        D         E       F
            +---------+---------+-------+---------+---------+-------
      Total |    3169 |    1484 |  31.9 |     140 |      18 |  11.4
            +---------+---------+-------+---------+---------+-------
        D:1 |      28 |       0 |   0.0 |      19 |       0 |   0.0
        D:2 |     136 |      36 |  20.9 |      25 |       1 |   3.8
        D:3 |     124 |       0 |   0.0 |      16 |       0 |   0.0
        D:4 |     342 |     172 |  33.5 |      25 |       1 |   3.8
        D:5 |     252 |     255 |  50.3 |       9 |       1 |  10.0
        D:6 |     551 |    1021 |  64.9 |      12 |      15 |  55.6
        D:7 |     789 |       0 |   0.0 |      20 |       0 |   0.0
        D:8 |     947 |       0 |   0.0 |      14 |       0 |   0.0
            +---------+---------+-------+---------+---------+-------
